 Dungeon Crawl Stone Soup version 0.31-a0-152-g6aa68a64a1 (webtiles) character file.

Game seed: 3770439242703982533

288 Jeffwins the Shooter (level 6, -7/39 HPs)
             Began as an Octopode Wanderer on June 9, 2023.
             Mangled by Edmund the swamp drake (10 damage)
             ... on level 4 of the Dungeon.
             The game lasted 00:06:05 (2699 turns).

Jeffwins the Shooter (Octopode Wanderer)            Turns: 2699, Time: 00:06:06

Health: -7/39      AC:  1    Str: 12    XL:     6   Next: 31%
Magic:  2/8        EV: 11    Int: 15    God:
Gold:   244        SH:  0    Dex: 12    Spells: 5/8 levels left

rFire   . . .        a - +2 sling
rCold   . . .        g - +2 buckler
rNeg    . . .        (helmet restricted)
rPois   .            (no amulet)
rElec   .            v - ring of see invisible
rCorr   .            (no ring)
SInv    +            (no ring)
Will    .....        (no ring)
Stlth   ++           (no ring)
HPRegen 0.26/turn    (no ring)
MPRegen 0.11/turn    (no ring)
                     (no ring)

%: no passive effects
@: confused, lethally poisoned (-7 -> -8), very slightly contaminated
A: almost no armour, amphibious, 8 rings, camouflage 1, gelatinous body 1,
(nimble swimmer 1), tentacles
a: no special abilities


You were on level 4 of the Dungeon.
You visited 1 branch of the dungeon, and saw 4 of its levels.

You collected 244 gold pieces.


Innate Abilities, Weirdness & Mutations

You cannot wear most types of armour.
You are amphibious.
You can wear up to eight rings at the same time.
Your skin changes colour to match your surroundings (Stealth+).
Your rubbery body absorbs attacks. (AC +1, EV +1)
((You are camouflaged when in or above water. (Stealth+)))
You have tentacles for arms and can constrict up to eight enemies at once.


   Skills:
 + Level 1.8 Fighting
 * Level 5.8 Ranged Weapons
 + Level 2.6 Stealth
 + Level 0.8 Shields
 + Level 1.6 Spellcasting
 * Level 1.2 Conjurations
 * Level 1.1 Fire Magic
 * Level 1.5 Air Magic
 + Level 3.1 Poison Magic
 - Level 1.0 Invocations
 + Level 2.3 Evocations


You had 5 spell levels left.
You knew the following spells:

 Your Spells              Type           Power      Damage    Failure   Level
x - Poisonous Vapours     Pois/Air       16%        N/A       19%         2
z - Foxfire               Conj/Fire      16%        2x1d4     21%         1

Your spell library contained the following spells:

 Spells                   Type           Power      Damage    Failure   Level
 Cigotuvi's Dreadful Rot  Necr/Pois/Air  10%        N/A       26%         2
 Call Canine Familiar     Summ           1%         N/A       69%         3
 Portal Projectile        Hex/Tloc       2%         N/A       69%         3
 Leda's Liquefaction      Hex/Erth       0%         N/A       97%         4
 Fireball                 Conj/Fire      2%         3d4       99%         5
 Plasma Beam              Fire/Air       2%         2x1d12    100%        6
 Starburst                Conj/Fire      2%         6d3       100%        6

Inventory:

Hand Weapons
 a - a +2 sling (weapon)
 e - a +2 dagger of holy wrath
Missiles
 j - 2 poisoned darts
Armour
 g - a +2 buckler (worn)
Jewellery
 v - a ring of see invisible (left tentacle)
 H - an amulet of faith {!P}
Scrolls
 d - 2 scrolls of blinking {unknown}
 h - 2 scrolls of identify {unknown}
 i - a scroll of noise {unknown}
 k - a scroll of poison {unknown}
 l - a scroll of acquirement {unknown}
Potions
 c - 2 potions of haste {@q3}
 f - a potion of ambrosia {unknown}
 m - a potion of mutation {unknown}

Dungeon Overview and Level Annotations

Branches:
Dungeon (4/15)
 Temple: D:4-7

Altars:
Ashenzari
Uskayaw
Wu Jian

Annotations:
D:4 Edmund

......#.KD ...#......▓▓.~~▓.....
#.....#..## .......##.#▓...'..##.
.......#..##....##.##..▓▓▓▓▓....>
##....###.......##.##...D.##.....
.#.....#..#.#......##..##.###.#..
.......D..####.........##.....#..
................#......#.....##.#
...##.D.......###............#..#
##....g.........@........#......#
##............#.k....#...##.#..#.
#......#.#..###...#.....#..#.##.
##...K..###..#.....#.............
...##.#.#..).....................
#...D##........................#.
###..................PPPPPPP...#.
#.............#......PPPPPPP.....
.)....##......#......PP.......#..


You could see Edmund the swamp drake.


Message History

Confirm with . or Enter, or press ? or * to list all spells.
You conjure some foxfire!
You are engulfed in noxious fumes.
You choke on the stench!
You are confused.
You feel sick. Edmund bites you!
Unknown command.
You're too confused to cast spells.
Unknown command.
You're too confused to cast spells.
You are engulfed in noxious fumes.
You choke on the stench!
You are more confused.
You feel sick.
The foxfire hits Edmund.
Edmund is moderately wounded.
The foxfire hits Edmund.
Edmund is moderately wounded.
Edmund breathes poison at you.
The noxious blast engulfs you but does no damage.
You are more poisoned.
You bump into the rock wall.
You feel sick.
Unknown command.
You are engulfed in noxious fumes.
You choke on the stench!
You are more confused.
You feel sick. Edmund bites you!
* * * LOW HITPOINT WARNING * * *
You bump into the rock wall.
You feel sick. Edmund bites you!
* * * LOW HITPOINT WARNING * * *
Unknown command.
Unknown command.
Edmund attacks as you move away! Edmund bites you!
You die...

Skill      XL: |  1  2  3  4  5  6 |
---------------+-------------------+-----
Stealth        | 1 2 |  2.6
Fighting       | 1 |  1.8
Evocations     | 2 |  2.3
Air Magic      | 1 |  1.5
Poison Magic   | 3 |  3.1
Fire Magic     | 1 |  1.1
Conjurations   | 1 |  1.2
Ranged Weapons | |  5.8
Shields        | |  0.8
Spellcasting   | |  1.6
Invocations    | |  1.0

Action                     |  1- 3 |  4- 6 || total
---------------------------+-------+-------++-------
  Melee: Dagger            |       |     7 ||     7
         Constrict         |       |     2 ||     2
         Tentacles         |       |     2 ||     2
   Fire: Sling             |    69 |   132 ||   201
   Cast: Poisonous Vapours |     2 |     5 ||     7
         Foxfire           |       |    27 ||    27
  Evoke: Wand              |       |     6 ||     6
    Use: Potion            |       |     2 ||     2
 Armour: Skin              |     4 |     3 ||     7
  Dodge: Dodged            |    11 |    54 ||    65
  Block: Buckler           |       |    24 ||    24

Levels and vault maps discovered:
D:1:      wheals_arrival_shading, layout_loops_cross
D:2:      layout_basic, chequers_ecumenical_altar_island, uniq_jessica
D:3:      layout_basic, nicolae_wu_jian_wuxing_cycle,
          eat_drink_and_be_merry_uskayaw
D:4:      layout_cave_pools, good_gods_mini_temple,
          mainiacjoe_overflow_chevrons, kennysheep_nondescript,
          hangedman_decor_riveting, uniq_edmund

Notes
Turn   | Place    | Note
-------+----------+-------------------------------------------
     0 | D:1      | Jeffwins the Octopode Wanderer began the quest for the Orb.
     0 | D:1      | Jeffwins set off with the following items: a +2 sling, a
                  | wand of polymorph (6), a potion of haste {@q3}; and the
                  | following spells available to memorise: Poisonous Vapours,
                  | Cigotuvi's Dreadful Rot.
     0 | D:1      | Reached XP level 1. HP: 11/11 MP: 2/2
    37 | D:1      | Reached XP level 2. HP: 11/18 MP: 3/3
    98 | D:1      | Reached skill level 1 in Stealth
   271 | D:1      | Reached XP level 3. HP: 13/22 MP: 4/4
   274 | D:1      | Learned a level 2 spell: Poisonous Vapours
   338 | D:1      | Reached skill level 1 in Fighting
   714 | D:2      | Noticed Jessica
   720 | D:2      | Killed Jessica
   721 | D:2      | Reached XP level 4. HP: 15/28 MP: 0/5
   861 | D:2      | Reached skill level 2 in Evocations
   875 | D:2      | Found a faded altar of an unknown god.
  1065 | D:2      | Reached skill level 2 in Stealth
  1396 | D:3      | Found a hide-covered altar of Uskayaw.
  1506 | D:3      | Reached XP level 5. HP: 33/33 MP: 7/7
  1585 | D:3      | Found an ornate altar of the Wu Jian Council.
  1615 | D:3      | Learned a level 1 spell: Foxfire
  1691 | D:3      | Reached skill level 1 in Air Magic
  2047 | D:4      | Found a broken altar of Ashenzari.
  2057 | D:4      | Reached skill level 3 in Poison Magic
  2259 | D:4      | Reached skill level 1 in Fire Magic
  2259 | D:4      | Reached XP level 6. HP: 17/39 MP: 1/8
  2367 | D:4      | Noticed Edmund
  2369 | D:4      | Edmund changed into Edmund the steam dragon
  2369 | D:4      | Noticed Edmund
  2419 | D:4      | Reached skill level 1 in Conjurations
  2688 | D:4      | Edmund the steam dragon changed into Edmund the swamp drake
  2688 | D:4      | Noticed Edmund
  2698 | D:4      | HP: 3/39 [Edmund the swamp drake (7)]
  2699 | D:4      | Mangled by Edmund the swamp drake

Vanquished Creatures
  A scorpion (D:3)
  A hound (D:4)
  Jessica (D:2)
  An iguana (D:4)
  7 adders
  A worm (D:2)
  2 dart slugs
  4 bats (D:1)
  6 endoplasms
  A giant cockroach (D:3)
  9 goblins
  6 hobgoblins
  8 jackals
  11 kobolds
  5 quokkas
  5 ball pythons
  6 frilled lizards
  5 rats
80 creatures vanquished.

Vanquished Creatures (collateral kills)
  A foxfire (D:4)
1 creature vanquished.

Vanquished Creatures (others)
  49 foxfires (D:4)
49 creatures vanquished.

Grand Total: 130 creatures vanquished

Table legend: (Time is in decaauts)
 A = Elapsed time spent in this place.
 B = Non-inter-level travel time spent in this place.
 C = Inter-level travel time spent in this place.
 D = Time resting spent in this place.
 E = Time spent auto-exploring this place.
 F = Levels seen in this place.
 G = Mean time per level.
                   A        B        C        D        E       F      G
               +--------+--------+--------+--------+--------+-----+--------+
         Total |   2729 |   2653 |     76 |     23 |   2094 |   4 |  682.2 |
       Dungeon |   2729 |   2653 |     76 |     23 |   2094 |   4 |  682.2 |
               +--------+--------+--------+--------+--------+-----+--------+

Top non-repeatable levels by time:
     D:1: 715 daAuts
     D:2: 700 daAuts
     D:4: 658 daAuts
     D:3: 656 daAuts

Table legend:
 A = Non-vault XP
 B = Vault XP
 C = Vault XP percentage of total XP
 D = Non-vault monster count
 E = Vault monster count
 F = Vault count percentage of total count
                 A         B        C        D         E       F
            +---------+---------+-------+---------+---------+-------
      Total |     375 |      37 |   9.0 |      79 |       1 |   1.2
            +---------+---------+-------+---------+---------+-------
        D:1 |      48 |       0 |   0.0 |      29 |       0 |   0.0
        D:2 |      66 |      37 |  35.9 |      17 |       1 |   5.6
        D:3 |     124 |       0 |   0.0 |      18 |       0 |   0.0
        D:4 |     137 |       0 |   0.0 |      15 |       0 |   0.0
            +---------+---------+-------+---------+---------+-------
